 Dungeon Crawl Stone Soup version 0.16.0-16-g311141a (console) character file.

111655 Fusha the Brawler (level 16, -25/250 HPs)
             Began as a Troll Monk on Mar 19, 2015.
             Was the Champion of Trog.
             Annihilated by a giant leech (26 damage)
             ... on level 1 of the Swamp.
             The game lasted 01:39:42 (26791 turns).

Fusha the Brawler (Troll Monk)                     Turns: 26791, Time: 01:39:42

Health: -25/250    AC:  9    Str: 33    XL:     16   Next: 10%
Magic:  14/14      EV: 18    Int:  6    God:    Trog [******]
Gold:   3046       SH:  0    Dex: 14    Spells: 0 memorised, 15 levels left

rFire  + . .     SeeInvis .       - Unarmed
rCold  + . .     Clarity  +     K - +1 robe {rC+}
rNeg   + . .     SustAb   .     (shield restricted)
rPois  .         Gourm    +     X - +1 hat {MR+}
rElec  +         Spirit   .     R - +1 cloak of Peek-a-Boo {rElec rN+ Regen+}
rCorr  .         Warding  .     (gloves unavailable)
rMut   .         Stasis   .     (boots unavailable)
MR     ++...                    j - amulet of clarity
Stlth  ..........               w - +2 ring of dexterity
                                c - ring of protection from fire

@: berserking, lethally poisoned (-25 -> -51), very quick, very resistant to
hostile enchantments, extremely unstealthy
A: unfitting armour, claws 3, fast metabolism 3, gourmand, regeneration 2,
shaggy fur 1, tough skin 2
a: Burn Spellbooks, Berserk, Trog's Hand, Brothers in Arms, Renounce Religion


You were on level 1 of the Swamp.
You worshipped Trog.
Trog was exalted by your worship.
You were very full.

You visited 5 branches of the dungeon, and saw 29 of its levels.
You also visited: Ice Cave.

You collected 3558 gold pieces.
You spent 512 gold pieces at shops.

Inventory:

Missiles
 G - 12 large rocks (quivered)
 I - 2 throwing nets
Armour
 e - a +0 robe of fire resistance
 s - the +3 crown of Dyrovepreva {rElec Int+2 SInv}
   (You found it on level 4 of the Dungeon)

   It affects your intelligence (+2).
   It insulates you from electricity.
   It enhances your eyesight.
 A - a +1 robe of positive energy
 K - a +1 robe of cold resistance (worn)
 R - the +1 cloak of Peek-a-Boo (worn) {rElec rN+ Regen+}
   (You found it on level 2 of the Lair of Beasts)

   It insulates you from electricity.
   It protects you from negative energy.
   It increases your rate of regeneration.
 X - a +1 hat of magic resistance (worn)
Jewellery
 c - a ring of protection from fire (left claw)
 d - an uncursed amulet of resist mutation
 i - an uncursed amulet of resist corrosion
 j - an amulet of clarity (around neck)
 w - a +2 ring of dexterity (right claw)
 x - an uncursed ring of positive energy
 F - an uncursed amulet of warding
 O - an uncursed ring of ice
 P - an uncursed amulet of regeneration
Magical devices
 r - a wand of polymorph (8)
 v - a wand of digging (12)
 y - a wand of lightning (12)
 C - a wand of fire (13)
 J - a wand of cold (5)
 U - a wand of teleportation (4)
 Y - a wand of cold (13)
 Z - a wand of draining (2)
Scrolls
 a - 2 scrolls of holy word
 k - 4 scrolls of identify
 o - 5 scrolls of fear
 p - 4 scrolls of blinking
 q - 2 scrolls of recharging
 u - 8 scrolls of remove curse
 B - 3 scrolls of magic mapping
 D - a scroll of silence
 E - 8 scrolls of teleportation
 Q - 6 scrolls of fog
Potions
 g - 4 potions of haste
 h - 4 potions of ambrosia
 l - 9 potions of curing
 m - 7 potions of restore abilities
 n - a potion of cancellation
 z - 3 potions of might
 H - 5 potions of heal wounds
 L - a potion of lignification
 M - 3 potions of flight
 V - 2 potions of invisibility
 W - 4 potions of mutation
Comestibles
 b - 13 meat rations


   Skills:
 + Level 12.7 Fighting
 + Level 1.7 Throwing
 + Level 15.2 Dodging
 - Level 2.0 Stealth
 + Level 16.4 Unarmed Combat
 + Level 3.0 Evocations


You had 15 spell levels left.
You didn't know any spells.

Dungeon Overview and Level Annotations

Branches:
Dungeon (15/15)            Temple (1/1) D:5            Lair (8/8) D:9
  Swamp (1/5) Lair:6        Snake (0/5) Lair:6        Slime (0/6) Lair:7
    Orc (4/4) D:11            Elf (0/3) Orc:4        Vaults (0/5) D:13
 Depths (0/5) D:15

Altars:
Ashenzari
Cheibriados
Dithmenos
Elyvilon
Fedhas
Gozag
Kikubaaqudgha
Makhleb
Nemelex Xobeh
Okawaru
Qazlal
Ru
Sif Muna
Trog
Vehumet
Xom
Yredelemnul
Zin
The Shining One

Shops:
D:4 =   D:8 *   Orc:3 [   Orc:4 (:*[

Annotations:
D:3 stuff behind rock


Innate Abilities, Weirdness & Mutations

You are too large for most types of armour.
You have claws for hands.
Your metabolism is lightning-fast.
You like to eat raw meat.
You heal very quickly.
You are covered in fur (AC +1).
You have very tough skin (AC +2).


Message History

You eviscerate the raven!!!!
You kill the raven!
Trog accepts your kill.
* * * LOW HITPOINT WARNING * * *
You feel sick.
You miss the giant leech.
* * * LOW HITPOINT WARNING * * *
You feel very sick. The giant leech bites you!!
* * * LOW HITPOINT WARNING * * *
You mangle the giant leech!!!
The giant leech is severely wounded.
* * * LOW HITPOINT WARNING * * *
You feel very sick.
You are too berserk!
You closely miss the giant leech. Your claw misses the giant leech.
The giant leech is severely wounded.
* * * LOW HITPOINT WARNING * * *
You feel sick. The giant leech bites you!!
You die...

♣♣.≈...≈..≈♣≈.≈.≈
♣..≈♣.....≈....≈
♣♣≈≈.....≈≈.♣..
≈≈≈♣
♣.≈.≈≈.≈≈≈.≈..
♣≈.$.
♣.≈≈♣≈.≈.≈≈..♣
♣♣..§.
♣.♣≈.≈≈..≈≈≈.
....≈..
♣.≈≈≈≈≈≈.≈≈≈ .
≈≈....≈
♣..≈.≈≈≈... ≈
♣.≈≈.♣♣@.......≈
.
♣≈!≈†≈♣w..≈≈≈≈.≈
.
♣≈..†.≈≈.≈≈≈≈≈§≈
. ♣≈..≈≈≈.♣.≈§≈≈.
≈≈≈..≈..≈♣♣.≈≈♣..
.......≈♣≈ ♣....≈
♣♣♣≈.≈.≈?≈. ♣♣..
♣♣≈≈≈...♣♣ ♣
♣♣≈.≈.♣♣


You could see a giant leech.

Vanquished Creatures
  Kirke (Swamp:1)
  Aizul (Swamp:1)
  Louise (D:15)
  Gastronok (Lair:3)
  A dire elephant (D:15)
  Snorg (Swamp:1)
  Fannar (Lair:1)
  7 hydras
  Erica (D:13)
  5 death yaks (Lair:8)
  5 ogre magi
  3 centaur warriors
  An alligator (Swamp:1)
  A tengu warrior (D:11)
  Nergalle (Lair:8)
  2 fire crabs (Lair:8)
  3 ice devils (IceCv)
  A deep elf knight (D:13)
  10 skeletal warriors
  2 ice statues (IceCv)
  A swamp dragon (Swamp:1)
  A lindwurm (Lair:6)
  4 hill giants
  3 orc knights
  3 unseen horrors
  2 griffons
  2 necromancers
  2 cyclopes
  2 ugly things
  A hornet (D:15)
  3 orc sorcerers
  2 manticores
  2 wolf spiders (Orc:2)
  A salamander (D:15)
  6 black mambas
  6 elephants (Lair:5)
  Joseph (Orc:4)
  A torpor snail (Lair:3)
  6 kobold demonologists
  3 komodo dragons
  2 gargoyles
  14 spiny frogs
  7 fire drakes
  2 spriggan druids (Lair:8)
  17 two-headed ogres
  6 polar bears (Lair:8)
  3 trolls
  9 blue devils (IceCv)
  13 slime creatures
  2 baby alligators (Swamp:1)
  6 ravens
  2 trapdoor spiders
  A boulder beetle (Lair:8)
  4 basilisks
  A shadow (Swamp:1)
  8 blink frogs
  4 redbacks
  10 spectral orcs (Lair:8)
  2 wyverns
  A wraith (D:9)
  A deep elf fighter (D:13)
  3 deep elf magi
  23 yaks
  16 hippogriffs
  8 spriggans
  2 hungry ghosts (D:9)
  3 hogs (Swamp:1)
  11 swamp worms
  5 vampire mosquitoes
  30 wolves
  A warg (Orc:4)
  4 nagas (Lair:6)
  A steam dragon (Lair:4)
  A mottled dragon (D:15)
  11 porcupines
  17 water moccasins
  32 orc warriors
  5 ice beasts
  3 sky beasts
  6 black bears
  4 phantoms
  18 crocodiles
  2 necrophages
  39 ogres
  6 wasps
  A boring beetle (Lair:6)
  11 centaurs
  A wandering mushroom (Lair:7)
  A brain worm (D:14)
  An elf zombie (D:9)
  4 big kobolds
  14 giant frogs
  2 wyvern skeletons (D:13)
  10 killer bees
  4 scorpions
  4 electric eels
  9 wights
  7 crimson imps
  A draconian simulacrum (IceCv)
  4 centaur zombies
  2 goliath beetles (D:6)
  A wasp zombie (D:13)
  2 giant frog zombies
  12 hounds
  5 human zombies (D:9)
  2 quasits
  7 jellies
  35 orc wizards
  9 centaur skeletons
  2 basilisk zombies (Lair:5)
  23 orc priests
  5 giant frog skeletons
  A human skeleton (D:9)
  8 worker ants
  13 iguanas
  2 troll simulacra (IceCv)
  19 sheep
  A killer bee zombie (D:6)
  An ogre zombie (D:9)
  2 mummies
  A worker ant zombie (D:9)
  Robin (D:4)
  3 gnolls (D:6)
  70 river rats
  24 adders
  5 naga simulacra (IceCv)
  2 ogre simulacra (IceCv)
  5 giant mites
  4 shadow imps
  3 worms
  4 adder skeletons
  An adder zombie (D:10)
  2 oozes
  193 orcs
  3 ball pythons
  A bat skeleton (D:7)
  2 bat zombies
  6 giant cockroaches
  30 goblins
  20 hobgoblins
  9 jackals
  15 quokkas
  14 bats
  4 giant geckos
  A giant gecko skeleton (D:5)
  2 giant newts
  2 giant spores
  A jackal zombie (D:8)
  34 kobolds
  An orc zombie (D:9)
  17 rats
  5 ballistomycetes
  2 fungi
1180 creatures vanquished.

Vanquished Creatures (collateral kills)
  A swamp dragon (Swamp:1)
  2 spriggans (Swamp:1)
  2 wasps (Swamp:1)
5 creatures vanquished.

Vanquished Creatures (others)
  A hydra (Swamp:1)
  A hill giant (D:12)
  A spiny frog (Swamp:1)
  2 humans (Swamp:1)
  A sheep (Lair:8)
  An adder (Lair:8)
  2 fungi
9 creatures vanquished.

Grand Total: 1194 creatures vanquished

Notes
Turn   | Place    | Note
--------------------------------------------------------------
     0 | D:1      | Fusha, the Troll Monk, began the quest for the Orb.
     0 | D:1      | Reached XP level 1. HP: 22/22 MP: 1/1
   129 | D:1      | Reached XP level 2. HP: 27/29 MP: 1/1
   168 | D:1      | Found a shattered altar of Ashenzari.
   553 | D:1      | Reached XP level 3. HP: 36/36 MP: 2/2
   762 | D:2      | Found an ancient bone altar of Kikubaaqudgha.
   905 | D:2      | Reached XP level 4. HP: 44/44 MP: 2/2
  1326 | D:3      | Found a shimmering altar of Xom.
  1405 | D:3      | Reached skill level 5 in Unarmed Combat
  1413 | D:3      | Reached XP level 5. HP: 9/53 MP: 2/2
  1492 | D:3      | Found a burning altar of Makhleb.
  1921 | D:3      | Reached XP level 6. HP: 57/61 MP: 3/3
  1993 | D:4      | Found an ancient bone altar of Kikubaaqudgha.
  2025 | D:4      | Noticed Robin
  2061 | D:4      | Killed Robin
  2326 | D:4      | Reached XP level 7. HP: 66/70 MP: 3/3
  2507 | D:4      | Reached skill level 6 in Unarmed Combat
  2676 | D:4      | Found a snail-covered altar of Cheibriados.
  2882 | D:4      | Found Deoc's Jewellery Emporium.
  2889 | D:4      | Bought a +2 ring of dexterity for 75 gold pieces
  3110 | D:5      | Entered Level 5 of the Dungeon
  3260 | D:5      | Reached skill level 5 in Dodging
  3351 | D:5      | Found a staircase to the Ecumenical Temple.
  3375 | Temple   | Entered the Ecumenical Temple
  3759 | D:5      | Reached XP level 8. HP: 79/79 MP: 3/3
  3791 | D:5      | Reached skill level 7 in Unarmed Combat
  3991 | D:5      | Found a blossoming altar of Fedhas.
  4167 | D:6      | Found a deep blue altar of Sif Muna.
  4297 | D:6      | Found a glowing golden altar of the Shining One.
  4304 | D:6      | Reached skill level 5 in Fighting
  4992 | D:7      | Reached skill level 8 in Unarmed Combat
  4992 | D:7      | Reached XP level 9. HP: 85/88 MP: 4/4
  5164 | D:7      | Found a sparkling altar of Nemelex Xobeh.
  5377 | D:7      | Found a shadowy altar of Dithmenos.
  5836 | D:8      | Found Psaahah's Assorted Antiques.
  5843 | D:8      | Bought a purple potion for 27 gold pieces
  5843 | D:8      | Bought a scroll labeled LAVVEH SMADUY for 30 gold pieces
  5843 | D:8      | Bought a scroll labeled LAVVEH SMADUY for 30 gold pieces
  5843 | D:8      | Bought 2 scrolls labeled BLIUSARAFF for 60 gold pieces
  5843 | D:8      | Bought a blue potion for 27 gold pieces
  5961 | D:8      | Found a deep blue altar of Sif Muna.
  5984 | D:8      | Reached skill level 9 in Unarmed Combat
  6097 | D:8      | Found an opulent altar of Gozag.
  6592 | D:9      | Found a staircase to the Lair.
  6593 | D:9      | Noticed a fire drake
  6603 | D:9      | Killed a fire drake
  6682 | D:9      | Found a white marble altar of Elyvilon.
  6766 | D:9      | Reached XP level 10. HP: 94/100 MP: 4/4
  6773 | D:9      | Found a basalt altar of Yredelemnul.
  7032 | D:9      | Found a bloodstained altar of Trog.
  7039 | D:9      | Became a worshipper of Trog the Wrathful
  7039 | D:9      | Acquired Trog's first power
  7039 | D:9      | Acquired Trog's second power
  7353 | D:10     | Entered Level 10 of the Dungeon
  7539 | D:10     | Noticed an unseen horror
  7547 | D:10     | Killed an unseen horror
  7547 | D:10     | Reached skill level 10 in Unarmed Combat
  8278 | D:11     | Noticed an unseen horror
  8280 | D:11     | Killed an unseen horror
  8280 | D:11     | Reached XP level 11. HP: 111/111 MP: 4/4
  8334 | D:11     | Reached skill level 11 in Unarmed Combat
  8433 | D:11     | Noticed a skeletal warrior
  8436 | D:11     | Noticed a skeletal warrior
  8446 | D:11     | Noticed a centaur warrior
  8447 | D:11     | Killed a skeletal warrior
  8450 | D:11     | Noticed a skeletal warrior
  8451 | D:11     | Killed a centaur warrior
  8454 | D:11     | Noticed a skeletal warrior
  8459 | D:11     | Killed a skeletal warrior
  8474 | D:11     | Killed a skeletal warrior
  8477 | D:11     | Killed a skeletal warrior
  8686 | D:11     | Found a staircase to the Orcish Mines.
  8759 | D:11     | Noticed a tengu warrior
  8764 | D:11     | Reached skill level 10 in Dodging
  8771 | D:11     | Killed a tengu warrior
  8936 | D:11     | Acquired Trog's third power
  9213 | Lair:1   | Entered Level 1 of the Lair of Beasts
  9282 | Lair:1   | Reached skill level 12 in Unarmed Combat
  9545 | Lair:1   | Noticed Fannar
  9551 | Lair:1   | Killed Fannar
  9551 | Lair:1   | Reached XP level 12. HP: 110/123 MP: 5/5
 10837 | Lair:2   | Got a jewelled cloak
 10848 | Lair:2   | Identified the +1 cloak of Peek-a-Boo {rElec rN+ Regen+} (You found it on level 2 of the Lair of Beasts)
 11144 | Lair:3   | Received a gift from Trog
 11193 | Lair:3   | Noticed Gastronok
 11203 | Lair:3   | Killed Gastronok
 11874 | Lair:3   | Noticed a six-headed hydra
 11881 | Lair:3   | Killed an eight-headed hydra
 12213 | Lair:4   | Found a glowing silver altar of Zin.
 12430 | Lair:4   | Received a gift from Trog
 12644 | Lair:4   | Reached skill level 13 in Unarmed Combat
 13151 | Lair:5   | Reached skill level 10 in Fighting
 13230 | Lair:5   | Reached XP level 13. HP: 133/133 MP: 6/6
 13368 | Lair:5   | Noticed a five-headed hydra
 13378 | Lair:5   | Killed a six-headed hydra
 13475 | Lair:5   | Reached skill level 1 in Evocations
 14213 | Lair:5   | Received a gift from Trog
 14601 | Lair:6   | Received a gift from Trog
 14617 | Lair:6   | Found a staircase to the Swamp.
 15152 | Lair:6   | Found a staircase to the Snake Pit.
 15652 | Lair:7   | Reached skill level 1 in Throwing
 15750 | Lair:7   | Found a staircase to the Slime Pits.
 15819 | Lair:7   | Received a gift from Trog
 16192 | Lair:8   | Entered Level 8 of the Lair of Beasts
 16193 | Lair:8   | Noticed Nergalle
 16233 | Lair:8   | Reached skill level 14 in Unarmed Combat
 16550 | Lair:8   | Killed Nergalle
 16680 | Lair:8   | Reached XP level 14. HP: 142/144 MP: 9/9
 16827 | Lair:8   | Received a gift from Trog
 17164 | Lair:8   | Paralysed by a wasp for 2 turns
 17202 | Lair:8   | Identified a scroll of acquirement
 17203 | Lair:8   | Got a polished cloak
 17230 | Lair:8   | Identified the -4 cloak of Defence {rPois Str-5 Int+2 SInv} (You acquired it on level 8 of the Lair of Beasts)
 18540 | Orc:1    | Entered Level 1 of the Orcish Mines
 18577 | Orc:1    | Received a gift from Trog
 18639 | Orc:1    | Found a frozen archway.
 18669 | IceCv    | Entered an ice cave
 19636 | Orc:2    | Received a gift from Trog
 20349 | Orc:3    | Received a gift from Trog
 20453 | Orc:3    | Found Mailain's Antique Armour Shop.
 20610 | Orc:3    | Received a gift from Trog
 20662 | Orc:3    | Reached skill level 15 in Unarmed Combat
 21180 | Orc:4    | Entered Level 4 of the Orcish Mines
 21276 | Orc:4    | Noticed Joseph
 21287 | Orc:4    | Killed Joseph
 21494 | Orc:4    | Received a gift from Trog
 21508 | Orc:4    | Reached XP level 15. HP: 84/156 MP: 12/12
 21621 | Orc:4    | Found Ghaih's Book Shop.
 21622 | Orc:4    | Found Imucusyi's Antique Weapon Emporium.
 21622 | Orc:4    | Found Cahaazag's General Store.
 21622 | Orc:4    | Found Gaqoin's Antique Armour Shoppe.
 21639 | Orc:4    | Bought a scroll of holy word for 97 gold pieces
 21640 | Orc:4    | Bought a shadowed robe for 148 gold pieces
 21650 | Orc:4    | Identified the +1 robe of Filth {+Fly rF+ rN+ rCorr Str-3} (You bought it in a shop on level 4 of the Orcish Mines)
 21657 | Orc:4    | Bought an embroidered robe for 18 gold pieces
 21961 | Orc:4    | Received a gift from Trog
 21998 | Orc:4    | Found a staircase to the Elven Halls.
 22823 | D:12     | Found a stormy altar of Qazlal.
 23376 | D:13     | Found a gate to the Vaults.
 23484 | D:13     | Got a faintly glowing cloak
 23495 | D:13     | Identified the +0 cloak of Gheusang {Contam rElec MP-9 Int+4 SInv} (You found it on level 13 of the Dungeon)
 23583 | D:13     | Received a gift from Trog
 23593 | D:13     | Noticed Erica
 23598 | D:13     | Killed Erica
 24093 | D:13     | Found a sacrificial altar of Ru.
 24359 | D:14     | Received a gift from Trog
 24831 | D:15     | Entered Level 15 of the Dungeon
 24904 | D:15     | Paralysed by a hornet for 3 turns
 24919 | D:15     | HP: 6/157 [poisoned by a hornet]
 24924 | D:15     | HP: 7/157 [poisoned by a hornet]
 25240 | D:15     | Reached skill level 16 in Unarmed Combat
 25289 | D:15     | Noticed Louise
 25295 | D:15     | Killed Louise
 25550 | D:15     | Found a staircase to the Depths.
 25566 | D:15     | HP: 4/158 [dire elephant (8)]
 25705 | D:15     | Reached skill level 15 in Dodging
 26258 | Swamp:1  | Entered Level 1 of the Swamp
 26310 | Swamp:1  | Noticed Kirke
 26321 | Swamp:1  | Killed Kirke
 26388 | Swamp:1  | Noticed Snorg
 26393 | Swamp:1  | Noticed Aizul
 26404 | Swamp:1  | Killed Snorg
 26421 | Swamp:1  | Killed Aizul
 26421 | Swamp:1  | Reached XP level 16. HP: 48/167 MP: 13/13
 26615 | Swamp:1  | Received a gift from Trog
 26789 | Swamp:1  | HP: 5/250 [giant leech (25)]
 26790 | Swamp:1  | HP: 2/250 [poison (poison gas)]
 26791 | Swamp:1  | Annihilated by a giant leech

Action                   |  1- 3 |  4- 6 |  7- 9 | 10-12 | 13-15 | 16-18 || total
-------------------------+-------+-------+-------+-------+-------+-------++-------
Melee: Unarmed           |   100 |   156 |   364 |   586 |  1355 |    45 ||  2606
Throw: Large rock        |       |       |       |     4 |    17 |       ||    21
Invok: Berserk           |       |       |       |     1 |     1 |     1 ||     3
       Burn Spellbooks   |       |       |       |     1 |     2 |       ||     3
Evoke: Wand              |       |       |     2 |     7 |    34 |       ||    43
  Use: Scroll            |       |       |       |    27 |    24 |     1 ||    52
       Potion            |       |       |       |     1 |     9 |       ||    10
 Stab: Sleeping          |       |     1 |     3 |    10 |     7 |       ||    21
       Distracted        |       |       |       |       |     3 |       ||     3
  Eat: Chunk             |     6 |    21 |    39 |    63 |   125 |     5 ||   259
       Royal jelly       |       |       |       |       |     1 |       ||     1
       Meat ration       |       |       |       |       |     1 |       ||     1
